 Dungeon Crawl Stone Soup version 0.29.1 (webtiles) character file.

Game seed: 12029326592211417538

168 raistware the Conjurer (level 5, -2/31 HPs)
             Began as an Octopode Conjurer on Sept 12, 2022.
             Killed from afar by Sigmund (5 damage)
             ... with a magic dart
             ... on level 3 of the Dungeon.
             The game lasted 00:03:56 (2499 turns).

raistware the Conjurer (Octopode Conjurer)          Turns: 2499, Time: 00:03:57

Health: -2/31      AC:  1    Str: 12    XL:     5   Next: 48%
Magic:  2/20       EV: 13    Int: 22    God:
Gold:   93         SH:  0    Dex: 11    Spells: 7/12 levels left

rFire   . . .      SeeInvis .   (no weapon)
rCold   . . .      Faith    .   (no shield)
rNeg    . . .      Spirit   .   (helmet restricted)
rPois   .          Reflect  .   (no amulet)
rElec   .          Harm     .   f - +6 ring of strength
rCorr   .          Rampage  .   h - ring of magical power
Will    .....      NoTele   +   (no ring)
Stlth   +++.......              (no ring)
HPRegen 0.10/turn               (no ring)
MPRegen 0.17/turn               (no ring)
                                (no ring)
                                (no ring)

@: immobile, very slightly contaminated
A: almost no armour, amphibious, 8 rings, camouflage 1, gelatinous body 1,
(nimble swimmer 1), tentacles
a: no special abilities


You were on level 3 of the Dungeon.
You visited 1 branch of the dungeon, and saw 3 of its levels.

You collected 93 gold pieces.

Inventory:

Missiles
 e - 3 poisoned darts
Jewellery
 f - a +6 ring of strength (left tentacle)
 h - a ring of magical power (right tentacle)
Scrolls
 d - 5 scrolls of identify {unknown}
 g - 2 scrolls of silence {unknown}
 k - a scroll of noise {unknown}
 l - a scroll of brand weapon {unknown}
 m - a scroll of immolation {unknown}
 n - a scroll of amnesia {unknown}
Potions
 a - a potion of magic
 b - a potion of attraction {unknown}
 c - a potion of brilliance {unknown}
 i - a potion of might {unknown}
 j - a potion of heal wounds {unknown}


   Skills:
 - Level 2.0 Dodging
 - Level 2.6 Stealth
 + Level 4.3 Spellcasting
 + Level 4.4 Conjurations
 - Level 2.0 Translocations


You had 7 spell levels left.
You knew the following spells:

 Your Spells              Type           Power      Damage    Failure   Level
a - Magic Dart            Conj           96%        1d7       1%          1
b - Iskenderun's Mystic   Conj/Tloc      18%        2d6       28%         4

Your spell library contained the following spells:

 Spells                   Type           Power      Damage    Failure   Level
 Searing Ray              Conj           48%        2d6       2%          2
 Dazzling Flash           Conj/Hex       28%        N/A       13%         3
 Fulminant Prism          Conj/Hex       7%         3d7       41%         4


Dungeon Overview and Level Annotations

Branches:
Dungeon (3/15)

Altars:

Annotations:
D:3 Sigmund


Innate Abilities, Weirdness & Mutations

You cannot wear most types of armour.
You are amphibious.
You can wear up to eight rings at the same time.
Your skin changes colour to match your surroundings (Stealth+).
Your rubbery body absorbs attacks. (AC +1, EV +1)
((You are camouflaged when in or above water. (Stealth+)))
You have tentacles for arms and can constrict up to eight enemies at once.


Message History

Casting: Magic Dart (safe; 1% risk of failure)
Confirm with . or Enter, or press ? or * to list all spells.
Aiming: Magic Dart (safe; 1% risk of failure)
Press: ? - help, Shift-Dir - straight line, f/p - Sigmund
Aim: Sigmund, wielding a +0 scythe and wearing a +0 robe (lightly wounded, unusually resistant, 100% to hit)
The magic dart hits Sigmund.
Sigmund is heavily wounded.
Unknown command.
Casting: Magic Dart (safe; 1% risk of failure)
Confirm with . or Enter, or press ? or * to list all spells.
The spell is extremely dangerous to miscast (28% risk of failure)!
Continue anyway?
You miscast Iskenderun's Mystic Blast.
Nothing appears to happen.
Sigmund hits you from afar with a +0 scythe!
* * * LOW HITPOINT WARNING * * *
Casting: Iskenderun's Mystic Blast (extremely dangerous; 28% risk of failure)
Confirm with . or Enter, or press ? or * to list all spells.
The spell is extremely dangerous to miscast (28% risk of failure)!
Continue anyway?
You miscast Iskenderun's Mystic Blast.
Space warps crazily around you.
You are magically locked in place.
Unknown command.
Casting: Iskenderun's Mystic Blast (extremely dangerous; 28% risk of failure)
Confirm with . or Enter, or press ? or * to list all spells.
The spell is extremely dangerous to miscast (28% risk of failure)!
Continue anyway?
You miscast Iskenderun's Mystic Blast.
Nothing appears to happen.
Sigmund closely misses you.
Unknown command.
Casting: Iskenderun's Mystic Blast (extremely dangerous; 28% risk of failure)
Confirm with . or Enter, or press ? or * to list all spells.
The spell is extremely dangerous to miscast (28% risk of failure)!
Continue anyway?
You erupt in a blast of force!
The mystic blast hits Sigmund.
Sigmund is severely wounded.
Sigmund is knocked back by the mystic blast.
Throw: 4 darts (poison)
Press: ? - help, Shift-Dir - straight line, f/p - Sigmund
Aim: Sigmund, wielding a +0 scythe and wearing a +0 robe (severely wounded, unusually resistant, 50% to hit)
You throw a poisoned dart.
The poisoned dart barely misses Sigmund.
Sigmund gestures at you while chanting. The magic dart hits you.
You die...

#.............#
#..###.#.####.#
.#..##....#
#.........#
.#..##...##
#..###.## #..# #<.#
.######..# ##.#
.(..(@..@# #.#
######.## #.#
#...####.#
#........#
...................#
####################


You could see Sigmund (resistant).

Vanquished Creatures
  2 orc priests (D:3)
  2 gnolls (D:1)
  3 adders (D:2)
  3 orcs (D:3)
  7 endoplasms
  2 giant cockroaches (D:1)
  4 goblins
  6 hobgoblins
  7 jackals (D:1)
  4 kobolds
  2 quokkas (D:1)
  5 ball pythons
  4 bats
  2 frilled lizards (D:1)
  4 rats (D:1)
57 creatures vanquished.

Notes
Turn   | Place    | Note
-------+----------+-------------------------------------------
     0 | D:1      | raistware the Octopode Conjurer began the quest for the
                  | Orb.
     0 | D:1      | Reached XP level 1. HP: 11/11 MP: 3/3
   104 | D:1      | Reached XP level 2. HP: 4/17 MP: 0/5
   507 | D:1      | Reached XP level 3. HP: 21/21 MP: 1/7
  1620 | D:2      | Found a faded altar of an unknown god.
  1643 | D:2      | Reached XP level 4. HP: 27/27 MP: 9/9
  1648 | D:2      | Learned a level 4 spell: Iskenderun's Mystic Blast
  1765 | D:2      | Reached skill level 1 in Translocations
  2304 | D:3      | Reached XP level 5. HP: 31/31 MP: 6/11
  2488 | D:3      | Noticed Sigmund
  2499 | D:3      | Killed from afar by Sigmund

Illustrated notes

Levels and vault maps discovered:
D:1:      psy_arrival_whirlpool, layout_basic
D:2:      layout_basic, dreamdust_ecumenical_altar_statues
D:3:      layout_loops_ring, uniq_ijyb, uniq_sigmund

Skill      XL: |  1  2  3  4 |
---------------+-------------+-----
Spellcasting   | 3 4 |  4.3
Translocations | 2 |  2.0
Dodging        | |  2.0
Stealth        | |  2.6
Conjurations   | |  4.4

Action                   |  1- 3 |  4- 6 || total
-------------------------+-------+-------++-------
Melee: Unarmed           |    20 |     5 ||    25
       Constrict         |     7 |     1 ||     8
       Tentacles         |     2 |     2 ||     4
Throw: Dart              |       |     6 ||     6
 Cast: Magic Dart        |    58 |    59 ||   117
       Iskenderun's Myst |       |     2 ||     2
Armor: Skin              |     2 |     1 ||     3
Dodge: Dodged            |    14 |    11 ||    25
